 Dungeon Crawl Stone Soup version 0.19.5 (webtiles) character file.

120 miragecloak the Ruffian (level 4, -10/44 HPs)
             Began as a Troll Abyssal Knight on May 4, 2017.
             Was a Believer of Lugonu.
             Mangled by a kobold
             ... wielding a +2 short sword of electrocution
              (15 damage)
             ... on level 3 of the Dungeon.
             The game lasted 00:01:43 (1665 turns).

miragecloak the Ruffian (Troll Abyssal Knight)      Turns: 1665, Time: 00:01:43

Health: -10/44     AC:  5    Str: 20    XL:     4   Next: 75%
Magic:  4/4        EV: 10    Int:  8    God:    Lugonu [**....]
Gold:   97         SH:  0    Dex: 10    Spells: 0 memorised, 3 levels left

rFire  . . .     SeeInvis .       - Unarmed
rCold  . . .     Gourm    +     a - +0 robe
rNeg   . . .     Faith    .     (no shield)
rPois  .         Spirit   .     (helmet restricted)
rElec  .         Reflect  .     (no cloak)
rCorr  .         Harm     .     (gloves unavailable)
MR     .....     Rnd*Tele +     (boots unavailable)
Stlth  +.........               (no amulet)
                                (no ring)
                                l - ring of teleportation (curse)

@: no status effects
A: unfitting armour, claws 3, fast metabolism 3, gourmand, regeneration 1,
shaggy fur 1, tough skin 2
a: Depart the Abyss, Bend Space, Renounce Religion


You were on level 3 of the Dungeon.
You worshipped Lugonu.
Lugonu was pleased with you.
You were full.

You visited 1 branch of the dungeon, and saw 3 of its levels.
You visited the Abyss 1 time.

You collected 97 gold pieces.

Inventory:

Armour
 a - a +0 robe (worn)
Jewellery
 l - a cursed ring of teleportation (left claw)
Scrolls
 e - a scroll of blinking {unknown}
 f - a scroll of recharging {unknown}
 h - a scroll of magic mapping {unknown}
 i - a scroll of teleportation {unknown}
 k - a scroll of noise {unknown}
 p - 2 scrolls of remove curse {unknown}
 q - a scroll of immolation {unknown}
Potions
 c - a potion of might {unknown}
 d - a potion of haste {unknown}
 g - a potion of curing {unknown}
 j - a potion of heal wounds {unknown}
 n - a potion of magic {unknown}
 o - a potion of flight {unknown}
Comestibles
 b - 2 bread rations
 m - a slice of pizza


   Skills:
 - Level 2.4 Fighting
 - Level 1.9 Dodging
 + Level 5.0 Unarmed Combat
 - Level 1.5 Invocations


You had 3 spell levels left.
You didn't know any spells.

Dungeon Overview and Level Annotations

Branches:
Dungeon (3/15)

Altars:


Innate Abilities, Weirdness & Mutations

You are too large for most types of armour.
You have claws for hands.
Your metabolism is lightning-fast.
You like to eat raw meat.
Your natural rate of healing is unusually fast.
You are covered in fur. (AC +1)
You have very tough skin. (AC +2)


Message History

You are too injured to fight recklessly!
You are too injured to fight recklessly!
You are too injured to fight recklessly!
You are too injured to fight recklessly!
You are too injured to fight recklessly!
You are too injured to fight recklessly!
You are too injured to fight recklessly!
You scratch the kobold.
The kobold is moderately wounded.
The kobold hits you but does no damage. The orc hits you but does no damage.
You claw the orc!
You kill the orc!
Lugonu accepts your kill.
You completely miss the kobold. The kobold misses you.
You closely miss the kobold. The kobold closely misses you.
You barely miss the kobold.
The kobold hits you with a short sword of electrocution.
* * * LOW HITPOINT WARNING * * *
You are electrocuted!
You die...

#### ...# .#.#
#######.#.# ###.......#.#
......K..##.############
......(@.[(..(..(.......
#########################
#........................
#.####.####.####.####.###
#.# #.#..'.'..#.#..'.'..
#.# #.#..#.#..#.#..#.#..
#.##+#.##'#(##+#.##'#.##+
#................).).....
#.##+#.##'#.##+#.##'#.##+


You could see a kobold.

Vanquished Creatures
  An orc wizard (D:3)
  Robin (D:2)
  An ooze (D:1)
  4 worms
  4 dart slugs
  A leopard gecko (D:2)
  2 orcs (D:3)
  A giant cockroach (D:2)
  7 hobgoblins
  7 kobolds
  A ball python (D:2)
  3 bats (D:2)
  2 frilled lizards (D:2)
  13 goblins
  8 rats
56 creatures vanquished.

Notes
Turn   | Place    | Note
-------+----------+-------------------------------------------
     0 | Abyss:1  | miragecloak the Troll Abyssal Knight began the quest for the Orb.
     0 | Abyss:1  | Reached XP level 1. HP: 22/22 MP: 1/1
    76 | Abyss:1  | Noticed a raiju
    78 | D:1      | Escaped the Abyss
   166 | D:1      | Reached * piety under Lugonu
   236 | D:1      | Reached XP level 2. HP: 29/29 MP: 2/2
   305 | D:1      | Reached skill level 3 in Unarmed Combat
   635 | D:2      | Noticed Robin
   641 | D:2      | Reached XP level 3. HP: 35/36 MP: 3/3
   665 | D:2      | Reached ** piety under Lugonu
   667 | D:2      | Killed Robin
   667 | D:2      | Reached skill level 4 in Unarmed Combat
  1019 | D:2      | Reached XP level 4. HP: 42/44 MP: 4/4
  1657 | D:3      | Reached skill level 5 in Unarmed Combat
  1665 | D:3      | Mangled by a kobold

Skill      XL: |  1  2  3  4 |
---------------+-------------+-----
Unarmed Combat | 3 4 5 |  5.0
Fighting       | |  2.4
Dodging        | |  1.9
Invocations    | |  1.5

Action                   |  1- 3 |  4- 6 || total
-------------------------+-------+-------++-------
Melee: Unarmed           |    81 |    53 ||   134
       Punch             |     1 |       ||     1
Invok: Depart the Abyss  |     1 |       ||     1
 Stab: Sleeping          |     1 |       ||     1
  Eat: Bread ration      |     1 |       ||     1
       Chunk             |    10 |     3 ||    13
Armor: Robe              |    34 |    23 ||    57
Dodge: Dodged            |    50 |    29 ||    79
